 Dungeon Crawl Stone Soup version 0.28-a0-537-g3bccd9ccbf (webtiles) character file.

Game seed: 7995576275492451037

2 omnomnOMINOUS the Charlatan (level 1, -3/14 HPs)
             Began as an Octopode Wanderer on Sept 27, 2021.
             Slain by a kobold (5 damage)
             ... on level 1 of the Dungeon.
             The game lasted 00:01:06 (201 turns).

omnomnOMINOUS the Charlatan (Octopode Wanderer)      Turns: 201, Time: 00:01:06

Health: -3/14      AC:  1    Str: 13    XL:     1   Next: 40%
Magic:  3/3        EV: 12    Int: 15    God:
Gold:   7          SH:  5    Dex:  8    Spells: 3/4 levels left

rFire   . . .      SeeInvis .   a - +0 club
rCold   . . .      Faith    .   (no shield)
rNeg    . . .      Spirit   .   (helmet restricted)
rPois   .          Reflect  +   c - amulet of reflection
rElec   .          Harm     .   (no ring)
rCorr   .          Rampage  .   (no ring)
Will    .....                   (no ring)
Stlth   ++........              (no ring)
HPRegen 0.04/turn               (no ring)
MPRegen 0.08/turn               (no ring)
                                (no ring)
                                (no ring)

@: lethally poisoned (-3 -> -10)
A: almost no armour, amphibious, 8 rings, camouflage 1, gelatinous body 1,
(nimble swimmer 1), tentacles
a: no special abilities


You were on level 1 of the Dungeon.
You visited 1 branch of the dungeon, and saw 1 of its levels.

You collected 7 gold pieces.

Inventory:

Hand Weapons
 a - a +0 club (weapon)
Jewellery
 c - an amulet of reflection (around mantle)
Wands
 b - a wand of flame (15)


   Skills:
 + Level 2.0 Fighting
 + Level 1.1 Dodging
 + Level 2.0 Spellcasting
 - Level 2.0 Summonings
 - Level 1.0 Translocations
 - Level 2.1 Evocations


You had 3 spell levels left.
You knew the following spells:

 Your Spells              Type           Power      Damage    Failure   Level
a - Apportation           Tloc           8%         N/A       14%         1

Your spell library contained the following spells:

 Spells                   Type           Power      Damage    Failure   Level
 Gell's Gravitas          Tloc           2%         N/A       41%         3


Dungeon Overview and Level Annotations

Branches:
Dungeon (1/15)

Altars:


Innate Abilities, Weirdness & Mutations

You cannot wear most types of armour.
You are amphibious.
You can wear up to eight rings at the same time.
Your skin changes colour to match your surroundings (Stealth+).
Your rubbery body absorbs attacks. (AC +1, EV +1)
((You are camouflaged near water. (Stealth+)))
You have tentacles for arms and can constrict up to eight enemies at once.


Message History

a +0 dagger; 4 stones You now have 7 gold pieces.
You start resting.
HP restored.
Found a mace.
Found a stone staircase leading down.
Found 8 poisoned darts.
c - an amulet of reflection You start putting on your amulet.
You continue putting on your amulet of reflection. x5
You finish putting on your amulet of reflection.
You feel a shielding aura gather around you.
c - an amulet of reflection (around mantle)
A goblin and 2 kobolds come into view.
A kobold is wielding a +1 whip of venom.
The kobold shouts!
The goblin shouts!
You closely miss the goblin. Your grab misses the goblin.
Your squeeze misses the goblin. The goblin hits you with a +0 club.
You barely miss the goblin. Your grab misses the goblin.
Your squeeze misses the goblin. You block the goblin's attack.
The goblin barely misses you.
You barely miss the goblin. Your grab misses the goblin.
You block the goblin's attack.
You hit the goblin.
You kill the goblin!
You completely miss the kobold. Your grab misses the kobold.
The kobold hits you with a +1 whip of venom.
You are lethally poisoned!
You aren't carrying any potions.
Unknown command.
You aren't carrying any scrolls.
Unknown command.
Okay, then.
Unknown command.
You feel very sick.
The kobold hits you with a +1 whip of venom.
You barely miss the kobold. Your grab misses the kobold.
* * * LOW HITPOINT WARNING * * *
You feel very sick.
The kobold hits you with a +0 short sword.
You die...

#.. #.####.... ####'#
#.##.##..... #....#
.........# #....# .
###.#.##...# #....# .K
...#......#####....# ..K#
#.#..........#....# .....
#.......#.##.#....#
#....#.K....(#....#....#
#....)K@.......#..#.....
........)>....#.#..).....
.###......###.#.##.#.....
#............##.......
#...........#####.....
#..#.#...... ####..
.....#...... #..
............. ... ....


You could see 2 kobolds.

Vanquished Creatures
  A goblin (D:1)
  A kobold (D:1)
2 creatures vanquished.

Notes
Turn   | Place    | Note
-------+----------+-------------------------------------------
     0 | D:1      | omnomnOMINOUS the Octopode Wanderer began the quest for the
                  | Orb.
     0 | D:1      | omnomnOMINOUS set off with the following items: a +0 club,
                  | a wand of flame (15); and the following spell memorised:
                  | Apportation; and the following spells available to
                  | memorise: Gell's Gravitas
     0 | D:1      | Reached XP level 1. HP: 14/14 MP: 3/3
   201 | D:1      | Slain by a kobold

Illustrated notes

Levels and vault maps discovered:
D:1:      dpeg_arrival_connections, layout_basic

Action                   || total
-------------------------++-------
Melee: Club              ||     8
       Tentacles         ||     1
Dodge: Dodged            ||     1
Block: Other             ||     2

Table legend: (Time is in decaauts)
 A = Elapsed time spent in this place.
 B = Non-inter-level travel time spent in this place.
 C = Inter-level travel time spent in this place.
 D = Time resting spent in this place.
 E = Time spent auto-exploring this place.
 F = Levels seen in this place.
 G = Mean time per level.
                   A        B        C        D        E       F      G
               +--------+--------+--------+--------+--------+-----+--------+
         Total |    203 |    203 |      0 |    141 |     27 |   1 |  203.0 |
       Dungeon |    203 |    203 |      0 |    141 |     27 |   1 |  203.0 |
               +--------+--------+--------+--------+--------+-----+--------+

Top non-repeatable levels by time:
     D:1: 203 daAuts
